 Dungeon Crawl Stone Soup version 0.30-a0-576-g89cddaab80 (webtiles) character file.

Game seed: 9811450573480199126

1708 holysushi the Slicer (level 9, 0/45 HPs)
             Began as a Vine Stalker Monk on Dec 31, 2022.
             Was a Believer of Wu Jian.
             Slain by Pikel
             ... wielding a +1 whip of flaming
              (1 damage)
             ... on level 6 of the Dungeon.
             The game lasted 00:07:28 (4609 turns).

holysushi the Slicer (Vine Stalker Monk)            Turns: 4609, Time: 00:07:28

Health: 0/45       AC:  5    Str: 14    XL:     9   Next: 3%
Magic:  0/10       EV: 14    Int: 10    God:    Wu Jian [**....]
Gold:   275        SH:  0    Dex: 21    Spells: 8/8 levels left

rFire   . . .      SeeInvis .    g - +5 short sword (holy)
rCold   . . .      Faith    .    (no shield)
rNeg    . . .      Spirit   +    b - +0 robe
rPois   .          Reflect  .    (no helmet)
rElec   .          Harm     .    v - +2 cloak {Stlth+}
rCorr   .          Rampage  .    (no gloves)
Will    +....                    (no boots)
Stlth   +++                      f - amulet of regeneration
HPRegen 1.87/turn                (no ring)
MPRegen 0.12/turn                (no ring)

@: no status effects
A: fangs 3, regeneration 1, magic shield, antimagic bite, no potion heal 2
a: Renounce Religion, Wall Jump


You were on level 6 of the Dungeon.
You worshipped Wu Jian.
Wu Jian was pleased with you.
You visited 2 branches of the dungeon, and saw 8 of its levels.
You also visited: Sewer.

You collected 422 gold pieces.
You spent 147 gold pieces at shops.

Inventory:

Hand Weapons
 a - a +0 short sword
 g - a +5 short sword of holy wrath (weapon)
Armour
 b - a +0 robe (worn)
 e - a scarf of invisibility
 o - a scarf of repulsion
 v - a +2 cloak of stealth (worn)
Jewellery
 f - an amulet of regeneration (around neck)
 i - a ring of fire
Wands
 t - a wand of flame (11)
 u - a wand of polymorph (1)
 y - a wand of mindburst (11)
Scrolls
 h - a scroll of identify
 m - a scroll of poison
 n - a scroll of fog
 q - 4 scrolls of teleportation
Potions
 c - 4 potions of ambrosia
 d - 4 potions of lignification
 j - a potion of brilliance
 k - 3 potions of curing
 l - a potion of attraction
 p - 2 potions of haste
 r - 2 potions of heal wounds {unknown}
 s - a potion of invisibility {unknown}
 w - 5 potions of mutation {unknown}
 x - a potion of might {unknown}
 C - 2 potions of berserk rage


   Skills:
 + Level 4.2 Fighting
 + Level 9.6 Short Blades
 + Level 3.8 Dodging
 - Level 2.4 Stealth


You had 8 spell levels left.
You didn't know any spells.
Your spell library contained the following spells:

 Spells                   Type           Power      Damage    Failure   Level
 Summon Small Mammal      Summ           0%         N/A       36%         1
 Call Canine Familiar     Summ           0%         N/A       75%         3
 Dazzling Flash           Conj/Hex       0%         N/A       75%         3
 Summon Guardian Golem    Hex/Summ       0%         N/A       75%         3
 Iskenderun's Mystic Bla  Conj/Tloc      0%         2d3       98%         4
 Starburst                Conj/Fire      0%         6d3       100%        6


Dungeon Overview and Level Annotations

Branches:
Dungeon (7/15) Zot: 26778  Temple (1/1) D:5 Zot: 5800   Sewer (visited)

Altars:
Ashenzari
Cheibriados
Dithmenos
Elyvilon
Fedhas
Gozag
Hepliaklqana
Makhleb
Nemelex Xobeh
Okawaru
Qazlal
Ru
Trog
Vehumet
Wu Jian
Xom
Yredelemnul
Zin
The Shining One

Shops:
D:2 ?

Annotations:
D:6 Pikel


Innate Abilities, Weirdness & Mutations

You have razor-sharp teeth.
Your natural rate of healing is unusually fast.
When hurt, damage is shared between your health and your magic reserves.
Your bite disrupts and absorbs the magic of your enemies.
Potions cannot restore your health.


Message History

You feel invigorated.
Pikel is heavily wounded.
Pikel misses you.
Pikel hits you with a +1 whip of flaming!
* * * LOW HITPOINT WARNING * * *
Pikel burns you.
* * * LOW HITPOINT WARNING * * *
You spin and attack Pikel repeatedly.
You closely miss Pikel.
Pikel is heavily wounded.
You hit Pikel but do no damage. You bite Pikel. You drain his power.
You feel invigorated.
Pikel is heavily wounded.
Pikel says, "Don't tell anyone, but I think Ereshkigal likes me."
Pikel hits you but does no damage.
You spin and attack Pikel repeatedly.
You hit Pikel. You bite Pikel, but do no damage.
Pikel is heavily wounded.
You hit Pikel.
Pikel is heavily wounded.
Pikel hits you with a +1 whip of flaming!
* * * LOW HITPOINT WARNING * * *
Pikel burns you.
* * * LOW HITPOINT WARNING * * *
Pikel misses you.
You spin and attack Pikel repeatedly.
You hit Pikel but do no damage.
Pikel is heavily wounded.
You miss Pikel.
Pikel is heavily wounded.
Pikel closely misses you.
You spin and attack Pikel.
You completely miss Pikel. You bite Pikel. You drain his power.
You feel invigorated.
Pikel is severely wounded.
Pikel hits you with a +1 whip of flaming!
* * * LOW HITPOINT WARNING * * *
Pikel burns you.
* * * LOW HITPOINT WARNING * * *
Pikel hits you with a +1 whip of flaming.
* * * LOW HITPOINT WARNING * * *
Pikel burns you.
You die...

#########
#.......####
#.##.......#
###.##.##.##.##
.......##.#...#####
.##.#####.#.#.....##
....#####.#....#..<#
.##.......###.#..#5#
..#.##########..@K.#
.#..#.......###.####
###.#.......# #.# #
##........# #.#
###.........# #.###
.#.##.......# #...#
#.###.......# ###.#
### #.......# #.#
#.......# #.#


You could see Pikel (fast) and a lemure.

Vanquished Creatures
  Grinder (D:4)
  Menkaure (D:4)
  A water moccasin (Sewer)
  A sky beast (D:7)
  An ice beast (D:5)
  An ogre (D:5)
  A centaur (D:5)
  3 lemures (D:7)
  2 phantoms
  A bullfrog (D:6)
  4 scorpions
  2 hounds
  2 jellies
  An orc wizard (D:6)
  Natasha (thrice) (D:2)
  An iguana (D:5)
  6 gnolls
  7 adders
  A shadow imp (D:6)
  An adder skeleton (D:2)
  2 adder zombies (D:2)
  2 worms
  6 dart slugs
  13 orcs
  6 ball pythons
  5 bats
  A bat zombie (D:2)
  4 endoplasms
  2 giant cockroaches
  6 goblins
  4 hobgoblins
  2 jackals (D:2)
  13 kobolds
  4 quokkas
  A ball python skeleton (D:2)
  7 frilled lizards (D:1)
  A jackal skeleton (D:2)
  A jackal zombie (D:2)
  2 rats
123 creatures vanquished.

Vanquished Creatures (others)
  2 fungi (D:2)
2 creatures vanquished.

Grand Total: 125 creatures vanquished

Notes
Turn   | Place    | Note
-------+----------+-------------------------------------------
     0 | D:1      | holysushi the Vine Stalker Monk began the quest for the
                  | Orb.
     0 | D:1      | Reached XP level 1. HP: 11/11 MP: 2/2
    69 | D:1      | Reached skill level 3 in Short Blades
   123 | D:1      | Reached XP level 2. HP: 12/16 MP: 3/3
   423 | D:1      | Reached XP level 3. HP: 19/19 MP: 4/4
   794 | D:2      | Reached skill level 4 in Short Blades
   986 | D:2      | Noticed Natasha
   988 | D:2      | Found a faded altar of an unknown god.
   996 | D:2      | Killed Natasha
   997 | D:2      | Gained mutation: Your natural rate of healing is unusually
                  | fast. [Vine Stalker growth]
   997 | D:2      | Reached XP level 4. HP: 23/23 MP: 5/5
  1002 | D:2      | Noticed Natasha
  1024 | D:2      | Killed Natasha
  1041 | D:2      | Reached skill level 5 in Short Blades
  1191 | D:2      | Found Waek's Magic Scroll Shop.
  1198 | D:2      | Bought a scroll of teleportation for 42 gold pieces
  1202 | D:2      | Noticed Natasha
  1210 | D:2      | Killed Natasha
  1211 | D:2      | Reached XP level 5. HP: 27/27 MP: 6/6
  1375 | D:2      | Found a burning altar of Makhleb.
  1539 | D:2      | Found a runed translucent door.
  1540 | D:2      | Noticed Crazy Yiuf
  1545 | D:2      | Crazy Yiuf changed into Crazy Yiuf the rat
  1545 | D:2      | Noticed Crazy Yiuf
  1546 | D:2      | Killed Crazy Yiuf the rat
  1824 | D:3      | Found a glowing drain.
  1839 | Sewer    | Entered a sewer
  1868 | Sewer    | Noticed a water moccasin
  1875 | Sewer    | Killed a water moccasin
  1876 | Sewer    | Reached skill level 6 in Short Blades
  1876 | Sewer    | Reached XP level 6. HP: 32/32 MP: 7/7
  1998 | D:3      | Found a blossoming altar of Fedhas.
  2178 | D:2      | Bought a scroll of enchant weapon for 105 gold pieces
  2233 | D:4      | Noticed Grinder
  2244 | D:4      | Killed Grinder
  2245 | D:4      | Reached skill level 7 in Short Blades
  2245 | D:4      | Reached XP level 7. HP: 35/35 MP: 8/8
  2502 | D:4      | Noticed Menkaure
  2504 | D:4      | Killed Menkaure
  2714 | D:5      | Entered Level 5 of the Dungeon
  2754 | D:5      | Reached skill level 8 in Short Blades
  2852 | D:5      | Found a staircase to the Ecumenical Temple.
  2954 | Temple   | Entered the Ecumenical Temple
  3127 | Temple   | Became a worshipper of the Wu Jian Council
  3127 | Temple   | Reached * piety under Wu Jian
  3127 | Temple   | Reached ** piety under Wu Jian
  3262 | D:5      | Gained mutation: You have razor-sharp teeth. [Vine Stalker
                  | growth]
  3262 | D:5      | Reached XP level 8. HP: 39/39 MP: 9/9
  3323 | D:5      | Reached skill level 9 in Short Blades
  3954 | D:6      | Found a shimmering altar of Xom.
  4507 | D:7      | Noticed Pikel
  4538 | D:7      | Reached XP level 9. HP: 45/45 MP: 10/10
  4609 | D:6      | HP: 1/45 [Pikel/+1 whip of flaming (2)]
  4609 | D:6      | Slain by Pikel

Illustrated notes

Levels and vault maps discovered:
D:1:      matt_arrival_refuge, layout_basic, corexii_leaking_fountain,
          minmay_lizard_pond
D:2:      layout_basic, hellmonk_ecumenical_altar_leap_of_faith, basic_altar,
          serial_shops, shop, serial_undead, serial_undead_e, serial_undead_f,
          serial_undead_a, serial_undead_f, minmay_misc_feat_nine_boxes,
          chequers_serial_rivers_room_b, hangedman_decor_points,
          uniq_crazy_yiuf_cottage, uniq_natasha
D:3:      layout_rooms, general_overflow_altar, cheibrodos_sewer_entry_bend
D:4:      layout_rooms, grunt_ministairs_15, grunt_decor_one_mirror,
          uniq_menkaure, uniq_grinder
D:5:      layout_basic, temple_green, hangedman_abyss_or_decor_stagger
D:6:      layout_loops_cross, xom_butterflies
D:7:      layout_cave_pools, lemuel_zombie_altar_kikubaaqudgha,
          reono_crystal_passage, chequers_mini_garden, uniq_pikel
Temple:   bh_familiar_temple

Skill      XL: |  1  2  3  4  5  6  7  8 |
---------------+-------------------------+-----
Short Blades   | 3 4 5 6 7 8 9 |  9.6
Fighting       | 4 |  4.2
Dodging        | 3 |  3.8
Stealth        | |  2.4

Action                   |  1- 3 |  4- 6 |  7- 9 || total
-------------------------+-------+-------+-------++-------
Melee: Short sword       |    89 |    70 |   148 ||   307
       Bite              |    24 |    18 |    59 ||   101
       Punch             |     1 |     1 |     3 ||     5
Invok: Lunge             |       |       |    10 ||    10
       Whirlwind         |       |       |    30 ||    30
Evoke: Wand              |       |     2 |       ||     2
  Use: Scroll            |       |    12 |     1 ||    13
 Stab: Sleeping          |     3 |     8 |    18 ||    29
       Distracted        |       |     1 |     1 ||     2
Armor: Robe              |    13 |     3 |    11 ||    27
Dodge: Dodged            |    54 |    30 |    48 ||   132
       Repelled          |     1 |     1 |       ||     2

Table legend: (Time is in decaauts)
 A = Elapsed time spent in this place.
 B = Non-inter-level travel time spent in this place.
 C = Inter-level travel time spent in this place.
 D = Time resting spent in this place.
 E = Time spent auto-exploring this place.
 F = Levels seen in this place.
 G = Mean time per level.
                   A        B        C        D        E       F      G
               +--------+--------+--------+--------+--------+-----+--------+
         Total |   4551 |   4257 |    294 |    168 |   2948 |   9 |  505.7 |
       Dungeon |   4278 |   4009 |    269 |    168 |   2779 |   7 |  611.1 |
        Temple |    199 |    175 |     24 |      0 |    156 |   1 |  199.0 |
         Sewer |     73 |     73 |      0 |      0 |     13 |   1 |   73.0 |
               +--------+--------+--------+--------+--------+-----+--------+

Top non-repeatable levels by time:
     D:2: 890 daAuts
     D:5: 861 daAuts
     D:1: 759 daAuts
     D:6: 662 daAuts
     D:4: 496 daAuts
     D:3: 466 daAuts
  Temple: 199 daAuts
     D:7: 142 daAuts
   Sewer: 73 daAuts
